Map: Acid Plant LE

Players

Kelazhur

  • Race: Terran Terran
  • Spawn Location: 5:00

Lambo - Winner!

  • Race: Zerg Zerg
  • Spawn Location: 11:00

Event: WCS Montreal 2018

VOD

Have the link to the VOD?

Description

Time

  • Played on: Sept. 8, 2018, 12:14 a.m.
  • Length: 6:14

All games in this series

Show
View Real Time Build Order
Export as new Build Order

Kelazhur Terran 

Build Orders: Reaper Expand, Hellion Banshee 

Get SALT Encoding   

  12  0:00  SCV  
  13  0:12  SCV  
  14  0:17  Supply Depot  
  14  0:25  SCV  
  15  0:39  SCV  
  15  0:40  Barracks  
  16  0:44  Refinery  
  16  0:51  SCV  
  17  1:03  SCV  
  18  1:15  SCV  
  19  1:27  Reaper, Orbital Command  
  20  1:39  Command Center  
  20  1:48  Supply Depot  
  20  1:53  SCV  
  21  1:59  Marine  
  22  2:04  Factory  
  22  2:07  SCV  
  23  2:15  Refinery  
  23  2:19  SCV  
  23  2:21  Barracks Reactor  
  24  2:31  SCV  
  25  2:44  SCV  
  26  2:50  Starport  
  26  2:52  Orbital Command  
  26  2:56  SCV  
  27  3:01  Hellion x2  
  31  3:08  SCV  
  31  3:10  Barracks Tech Lab  
  32  3:18  SCV  
  33  3:20  SCV  
  33  3:22  Hellion x2  
  33  3:26  Supply Depot  
  38  3:30  SCV  
  38  3:32  SCV  
  40  3:35  Medivac  
  40  3:37  Armory  
  42  3:42  SCV  
  42  3:44  SCV  
  42  3:47  Hellion  
  48  3:48  Hellion  
  48  3:55  SCV, Supply Depot  
  49  3:56  SCV  
  49  3:57  Cloaking Field  
  50  4:07  SCV  
  50  4:08  Banshee  
  59  4:17  SCV, Hellion x2  
  59  4:18  Supply Depot  
  59  4:19  SCV  
  60  4:29  SCV  
  61  4:38  Marine, Supply Depot  
  62  4:40  Cyclone  
  62  4:42  SCV  
  62  4:44  SCV, Supply Depot  
  62  4:45  Bunker  
  67  4:54  SCV  
  67  4:56  Banshee  
  67  4:57  SCV, Marine  
  67  5:07  SCV  
  65  5:09  SCV  
  61  5:18  Marine  
  61  5:19  SCV  
  61  5:21  SCV  
  52  5:31  SCV  
  52  5:33  SCV  
  50  5:36  Marine  
  45  5:43  SCV  
  45  5:45  SCV  
  40  5:53  Marine  
  40  5:55  SCV  
  34  5:57  SCV  
Show
View Real Time Build Order
Export as new Build Order

Lambo Zerg - Winner!

Build Orders: Hatch First, Roach Nydus 

Get SALT Encoding   

  12  0:01  Drone  
  13  0:12  Overlord  
  13  0:17  Drone  
  14  0:30  Drone x2  
  16  0:48  Hatchery  
  15  0:51  Drone  
  15  0:55  Drone  
  17  0:58  Drone  
  18  1:09  Extractor  
  17  1:13  Spawning Pool  
  17  1:17  Drone  
  17  1:20  Drone  
  18  1:28  Drone  
  19  1:39  Drone  
  20  1:49  Drone  
  21  2:00  Queen x2  
  21  2:01  Zergling x4  
  27  2:14  Hatchery  
  26  2:19  Overlord  
  27  2:22  Drone  
  27  2:24  Drone  
  27  2:43  Drone x3  
  30  2:45  Queen  
  30  2:49  Lair  
  32  2:52  Drone  
  32  2:56  Overlord  
  33  2:59  Drone  
  33  3:01  Drone  
  35  3:15  Drone x4  
  35  3:17  Drone  
  35  3:18  Drone  
  41  3:20  Extractor  
  41  3:22  Extractor  
  41  3:23  Queen  
  41  3:29  Drone x2  
  43  3:38  Drone, Roach Warren  
  43  3:41  Drone x2  
  45  3:53  Queen  
  47  3:56  Nydus Network  
  46  4:04  Overlord  
  46  4:05  Overlord  
  46  4:06  Overlord  
  46  4:19  Roach  
  54  4:24  Roach x5  
  54  4:29  Roach  
  60  4:32  Nydus Canal  
  60  4:34  Roach  
  62  4:41  Roach x2  
  62  4:43  Roach  
  68  4:46  Roach  
  68  4:50  Roach  
  66  4:54  Overseer  
  66  4:57  Roach  
  66  4:59  Roach  
  68  5:06  Roach  
  65  5:08  Roach  
  65  5:18  Roach  
  65  5:20  Roach  
  63  5:32  Overseer  
  63  5:33  Roach  
  62  5:43  Roach  
  64  5:50  Roach  
  64  5:53  Roach  
Tags
 
Add a new tag
Caveats
  • Supply blocks, unpowered buildings, or Contaminate may cause inaccurate times.
  • Supply counts are checked every 10 seconds.